 Dungeon Crawl Stone Soup version 0.28-a0-199-g298df9dbad (webtiles) character file.

Game seed: 7481598111041847647

1176 theanonym the Cudgeller (level 8, -4/56 HPs)
             Began as a Mummy Brigand on Aug 19, 2021.
             Was a Follower of Qazlal.
             Slain by Prince Ribbit (16 damage)
             ... on level 4 of the Dungeon.
             The game lasted 00:12:06 (7117 turns).

theanonym the Cudgeller (Mummy Brigand)             Turns: 7117, Time: 00:12:07

Health: -4/56      AC:  8    Str: 23    XL:     8   Next: 18%
Magic:  8/8        EV:  9    Int: 10    God:    Qazlal [*.....]
Gold:   250        SH:  6    Dex: 13    Spells: 7/7 levels left

rFire   x . .      SeeInvis .   a - +0 flail
rCold   + . .      Faith    +   l - +0 buckler
rNeg    + + +      Spirit   .   n - +0 scale mail
rPois   ∞          Reflect  .   (no helmet)
rElec   .          Harm     .   c - +1 cloak
rCorr   .          Rampage  .   (no gloves)
Will    +....                   (no boots)
Stlth   +.........              b - amulet of faith
HPRegen 0.18/turn               k - +6 ring of strength
MPRegen 0.11/turn               (no ring)

@: no status effects
A: cold resistance 1, negative energy resistance 3, torment resistance 2, heat
vulnerability 1, no potions
a: Renounce Religion


Innate Abilities, Weirdness & Mutations

You are immune to poison.
Your flesh is cold resistant. (rC+)
You are immune to negative energy. (rN+++)
You are immune to unholy pain and torment.
You are vulnerable to heat. (rF-)
You do not drink.


   Skills:
 - Level 2.2 Fighting
 - Level 1.5 Short Blades
 + Level 7.3 Maces & Flails
 - Level 1.5 Throwing
 - Level 0.7 Dodging
 - Level 3.2 Stealth
 + Level 3.0 Shields


You had 7 spell levels left.
You didn't know any spells.
Your spell library contained the following spells:

 Spells                   Type           Power      Damage    Failure   Level
 Sting                    Tmut/Pois      0%         1d3       75%         1
 Poisonous Vapours        Pois/Air       0%         N/A       86%         2
 Olgreb's Toxic Radiance  Pois           0%         N/A       100%        4
 Summon Hydra             Summ           0%         N/A       100%        7
 Sublimation of Blood     Necr           Unusable   N/A       N/A         2
 Wereblood                Tmut           Unusable   N/A       N/A         2

Skill      XL: |  1  2  3  4  5  6  7  8 |
---------------+-------------------------+-----
Maces & Flails | 1 2 3 4 6 7 |  7.3
Shields        | 2 3 |  3.0
Fighting       | |  2.2
Short Blades   | |  1.5
Throwing       | |  1.5
Dodging        | |  0.7
Stealth        | |  3.2

Action                   |  1- 3 |  4- 6 |  7- 9 || total
-------------------------+-------+-------+-------++-------
Melee: Club              |   132 |    73 |       ||   205
       Dagger            |     2 |       |       ||     2
       Flail             |       |   103 |   101 ||   204
Throw: Dart              |    10 |    14 |    27 ||    51
       Throwing net      |       |     2 |     1 ||     3
Evoke: Wand              |       |       |     5 ||     5
  Use: Scroll            |       |     5 |     1 ||     6
 Stab: Sleeping          |    13 |     1 |       ||    14
Armor: Robe              |    34 |    13 |       ||    47
       Ring mail         |       |    29 |       ||    29
       Scale mail        |       |    20 |   100 ||   120
Dodge: Dodged            |    84 |    98 |    65 ||   247
Block: Other             |       |     1 |     1 ||     2
       Buckler           |       |       |    38 ||    38

Inventory:

Hand Weapons
 a - a +0 flail (weapon)
Missiles
 e - 3 poisoned darts (quivered)
Armour
 c - a +1 cloak (worn)
 l - a +0 buckler (worn)
 m - a +0 tower shield
 n - a +0 scale mail (worn)
Jewellery
 b - an amulet of faith (around neck)
 k - a +6 ring of strength (left hand)
Wands
 d - a wand of digging (8)
 i - a wand of polymorph (4)
Scrolls
 f - a scroll of fog
 h - a scroll of immolation
 r - 5 scrolls of identify


You were on level 4 of the Dungeon.
You worshipped Qazlal.
Qazlal was aware of your devotion.
You visited 1 branch of the dungeon, and saw 6 of its levels.

You collected 250 gold pieces.

Dungeon Overview and Level Annotations

Branches:
Dungeon (6/15)
 Temple: D:4-7

Altars:
Cheibriados
Fedhas
Nemelex Xobeh
Okawaru
Qazlal

Shops:
D:5 (:

Annotations:
D:4 Prince Ribbit
D:5 Grinder

#.>.(#.......# #..#
#.(....(##..!# #..#
#.......##..## #..#
#...........# #..######
##..(...##.#####........
#..>..(##........######
###......######..#
####F#.# #..#
#@#.######..# ###
#.#.........####..
#.#...........##.#
#.#.######....##.#
#.#.## #........#
#..#.## #........#
##.###.###.......## #.##
##.###.....###
##.###.............


You could see Prince Ribbit.

Notes
Turn   | Place    | Note
-------+----------+-------------------------------------------
     0 | D:1      | theanonym the Mummy Brigand began the quest for the Orb.
     0 | D:1      | Reached XP level 1. HP: 16/16 MP: 1/1
   235 | D:1      | Reached skill level 1 in Maces & Flails
   337 | D:1      | Reached XP level 2. HP: 19/22 MP: 2/2
   905 | D:1      | Reached skill level 2 in Maces & Flails
  1064 | D:2      | Reached XP level 3. HP: 27/27 MP: 3/3
  1690 | D:2      | HP: 12/27 [hobgoblin (4)]
  1912 | D:2      | HP: 10/27 [hobgoblin (5)]
  2670 | D:3      | HP: 12/27 [worm (6)]
  2847 | D:3      | Found a stormy altar of Qazlal.
  2903 | D:3      | Noticed Natasha
  2907 | D:3      | Killed Natasha
  2908 | D:3      | Reached skill level 3 in Maces & Flails
  2908 | D:3      | Reached XP level 4. HP: 33/33 MP: 4/4
  2954 | D:3      | Noticed Natasha
  2963 | D:3      | HP: 15/33 [Natasha (4)]
  2964 | D:3      | Killed Natasha
  3087 | D:3      | Noticed an ice beast
  3123 | D:3      | Became a worshipper of Qazlal Stormbringer
  3298 | D:3      | Noticed Sigmund
  3315 | D:3      | Killed Sigmund
  3316 | D:3      | Reached skill level 4 in Maces & Flails
  3316 | D:3      | Reached XP level 5. HP: 33/38 MP: 5/5
  3316 | D:3      | Reached XP level 6. HP: 38/44 MP: 6/6
  3339 | D:3      | Noticed Natasha
  3360 | D:3      | Killed Natasha
  3370 | D:3      | HP: 22/44 [adder (4)]
  3377 | D:3      | Reached skill level 5 in Maces & Flails
  4572 | D:4      | Reached * piety under Qazlal
  5046 | D:4      | Found a glowing drain.
  5060 | D:4      | Reached skill level 6 in Maces & Flails
  5069 | D:4      | Reached XP level 7. HP: 42/50 MP: 7/7
  5346 | D:5      | Entered Level 5 of the Dungeon
  5361 | D:5      | Found an iron altar of Okawaru.
  5361 | D:5      | Found a sparkling altar of Nemelex Xobeh.
  5501 | D:5      | Reached skill level 1 in Shields
  5650 | D:5      | HP: 25/50 [something (2)]
  5654 | D:5      | HP: 11/50 [sky beast (3)]
  5654 | D:5      | HP: 5/50 [sky beast (6)]
  5999 | D:5      | Found Bamukk's Book Boutique.
  6096 | D:5      | Found Itagaeca's Weapon Emporium.
  6153 | D:5      | Found a snail-covered altar of Cheibriados.
  6179 | D:5      | Found a blossoming altar of Fedhas.
  6216 | D:5      | Reached skill level 7 in Maces & Flails
  6216 | D:5      | Reached skill level 2 in Shields
  6229 | D:5      | Noticed Grinder
  6239 | D:5      | Paralysed by Grinder for 7 turns
  6248 | D:5      | Noticed Grinder
  6248 | D:5      | Grinder changed into Grinder the ynoxinul
  6531 | D:6      | HP: 24/50 [something (3)]
  6552 | D:6      | Reached XP level 8. HP: 25/56 MP: 8/8
  6809 | D:6      | Noticed Prince Ribbit
  6881 | D:5      | HP: 24/56 [Prince Ribbit (14)]
  6898 | D:5      | HP: 20/56 [Prince Ribbit (7)]
  6900 | D:5      | Reached skill level 3 in Shields
  7106 | D:4      | HP: 28/56 [Prince Ribbit (16)]
  7115 | D:4      | HP: 11/56 [Prince Ribbit (5)]
  7117 | D:4      | Slain by Prince Ribbit

Vanquished Creatures
  Sigmund (D:3)
  2 sky beasts
  A black bear (D:6)
  A necrophage (D:5)
  A phantom (D:4)
  A scorpion (D:3)
  A bullfrog zombie (D:5)
  2 centaur skeletons (D:5)
  A jelly (D:5)
  A bullfrog skeleton (D:5)
  A hound (D:5)
  A scorpion zombie (D:5)
  An iguana (D:4)
  Natasha (thrice) (D:3)
  3 gnolls (D:3)
  10 adders
  2 ufetubi (D:4)
  An adder skeleton (D:4)
  2 worms
  3 dart slugs
  3 orcs
  7 ball pythons
  A bat (D:1)
  4 endoplasms
  5 giant cockroaches
  8 goblins
  8 hobgoblins
  6 kobolds
  A quokka (D:5)
  4 frilled lizards
  8 rats
94 creatures vanquished.

Table legend: (Time is in decaauts)
 A = Elapsed time spent in this place.
 B = Non-inter-level travel time spent in this place.
 C = Inter-level travel time spent in this place.
 D = Time resting spent in this place.
 E = Time spent auto-exploring this place.
 F = Levels seen in this place.
 G = Mean time per level.
                   A        B        C        D        E       F      G
               +--------+--------+--------+--------+--------+-----+--------+
         Total |   7184 |   6836 |    348 |   2621 |   3030 |   6 | 1197.3 |
       Dungeon |   7184 |   6836 |    348 |   2621 |   3030 |   6 | 1197.3 |
               +--------+--------+--------+--------+--------+-----+--------+

Top non-repeatable levels by time:
     D:2: 1698 daAuts
     D:3: 1560 daAuts
     D:4: 1437 daAuts
     D:5: 1085 daAuts
     D:1: 1073 daAuts
     D:6: 327 daAuts
